TOP OF THE 1ST |
Seattle Rainiers batting - Pitching for Jasper Cougars : RHP Paul Turberville
|
Pitching: RHP Paul Turberville
|
|
Batting: RHB Jorge Colón
|
0-0: SINGLE (Line Drive, 89S)
|
Batting: RHB Alfredo Farías
|
0-0: SINGLE (Groundball, 34) Jorge Colón to second Runner from 2nd tries for 3rd, SAFE, no throw or cutoff
|
Batting: RHB Jacob Hill
|
0-0: Ball 1-0: Ball 2-0: Ball 3-0: Called Strike 3-1: Grounds into double play, 6-4-3 (Groundball, 6) Jorge Colón scores
|
Batting: RHB Robert Marks
|
0-0: Ball 1-0: Called Strike 1-1: Ball 2-1: SINGLE (Groundball, 6MD)
|
Batting: RHB Vincent Braun
|
0-0: Called Strike 0-1: Ball 1-1: Ground out 6-3 (Groundball, 6)
|
Top of the 1st over - 1 run(s), 3 hit(s), 0 error(s), 1 left on base; Seattle 1 - Jasper 0 |
BOTTOM OF THE 1ST |
Jasper Cougars batting - Pitching for Seattle Rainiers : RHP Domingo García
|
Pitching: RHP Domingo García
|
|
Batting: LHB António Camacho
|
0-0: Foul Ball, location: 2F 0-1: Ball 1-1: SINGLE (Groundball, 15S) (infield hit)
|
Batting: RHB Bob Cole
|
0-0: Ball 1-0: Foul Ball, location: 2F 1-1: Ball 2-1: Foul Ball, location: 2F 2-2: Foul Ball, location: 2F 2-2: Strikes out looking
|
Batting: SHB Ron Edwards
|
0-0: Called Strike 0-1: DOUBLE (Flyball, 89XD) António Camacho to third
|
Batting: RHB David Hernández
|
0-0: Fly out, F4 (Popup, 4)
|
Batting: SHB Rafael Acosta
|
0-0: Ball 1-0: Ball 2-0: Called Strike 2-1: Ball 3-1: Called Strike 3-2: Base on Balls
|
Batting: SHB Carlos Córdova
|
0-0: Called Strike 0-1: Swinging Strike 0-2: Ball 1-2: Strikes out swinging
|
Bottom of the 1st over - 0 run(s), 2 hit(s), 0 error(s), 3 left on base; Seattle 1 - Jasper 0 |
TOP OF THE 2ND |
Seattle Rainiers batting - Pitching for Jasper Cougars : RHP Paul Turberville
|
Batting: RHB Tony Hernández
|
0-0: Called Strike 0-1: Ball 1-1: Ball 2-1: Called Strike 2-2: Fly out, F9 (Flyball, 9S)
|
Batting: RHB Jeremiah Soto
|
0-0: Fly out, F8 (Flyball, 8LM)
|
Batting: RHB John Hill
|
0-0: Called Strike 0-1: Ball 1-1: Ball 2-1: Called Strike 2-2: Ball 3-2: Foul Ball, location: 2F 3-2: Foul Ball, location: 2F 3-2: Foul Ball, location: 2F 3-2: Foul Ball, location: 2F 3-2: Ground out 4-3 (Groundball, 13)
|
Top of the 2nd over - 0 run(s), 0 hit(s), 0 error(s), 0 left on base; Seattle 1 - Jasper 0 |
BOTTOM OF THE 2ND |
Jasper Cougars batting - Pitching for Seattle Rainiers : RHP Domingo García
|
Batting: LHB Jon Scott
|
0-0: Ball 1-0: Called Strike 1-1: Called Strike 1-2: Strikes out swinging
|
Batting: LHB John Stone
|
0-0: Ball 1-0: Swinging Strike 1-1: Ball 2-1: Foul Ball, location: 2F 2-2: Ball 3-2: Ground out 4-3 (Groundball, 4)
|
Batting: RHB Neil Weeks
|
0-0: Ground out 6-3 (Groundball, 6)
|
Bottom of the 2nd over - 0 run(s), 0 hit(s), 0 error(s), 0 left on base; Seattle 1 - Jasper 0 |
TOP OF THE 3RD |
Seattle Rainiers batting - Pitching for Jasper Cougars : RHP Paul Turberville
|
Batting: RHB Bill Dawson
|
0-0: Called Strike 0-1: Foul Ball, location: 2F 0-2: Ball 1-2: Ball 2-2: Ball 3-2: Base on Balls
|
Batting: RHB Jorge Colón
|
0-0: DOUBLE (Groundball, 3D) Bill Dawson to third
|
Batting: RHB Alfredo Farías
|
0-0: Foul Ball, location: 2F 0-1: Called Strike 0-2: Ball 1-2: Ball 2-2: Reached on error, E4 (Groundball, 4) Bill Dawson scores Jorge Colón to third
|
Batting: RHB Jacob Hill
|
0-0: Ball 1-0: Ball 2-0: Foul Ball, location: 2F 2-1: Ball 3-1: Base on Balls Alfredo Farías to second
|
Batting: RHB Robert Marks
|
0-0: Ball 1-0: Ball 2-0: Called Strike 2-1: Ball 3-1: Swinging Strike 3-2: Foul Ball, location: 2F 3-2: SINGLE (Flyball, 89S) Jorge Colón scores Alfredo Farías to third Jacob Hill to second
|
Batting: RHB Vincent Braun
|
0-0: Called Strike 0-1: Ball 1-1: Ball 2-1: SINGLE (Line Drive, 8LS) Alfredo Farías scores Jacob Hill to third Robert Marks to second
|
Batting: RHB Tony Hernández
|
0-0: Swinging Strike 0-1: Ball 1-1: Ball 2-1: Swinging Strike 2-2: Ball 3-2: Strikes out looking
|
Batting: RHB Jeremiah Soto
|
0-0: Ball 1-0: Called Strike 1-1: Ball 2-1: Called Strike 2-2: Ball 3-2: Fielders Choice at 2nd, 6-4 (Groundball, 6M) Jacob Hill scores Robert Marks to third
|
Batting: RHB John Hill
|
0-0: Called Strike 0-1: Ball 1-1: Fielders Choice at 2nd, U4 (Groundball, 4M)
|
Top of the 3rd over - 4 run(s), 3 hit(s), 1 error(s), 2 left on base; Seattle 5 - Jasper 0 |
BOTTOM OF THE 3RD |
Jasper Cougars batting - Pitching for Seattle Rainiers : RHP Domingo García
|
Batting: LHB António Camacho
|
0-0: Foul Ball, location: 2F 0-1: Ball 1-1: Ball 2-1: Ball 3-1: Called Strike 3-2: SINGLE (Flyball, 7S)
|
Batting: RHB Bob Cole
|
0-0: Ball 1-0: Called Strike 1-1: Ball 2-1: Fly out, F8 (Flyball, 8LM)
|
Batting: SHB Ron Edwards
|
0-0: Ball 1-0: Called Strike 1-1: Foul Ball, location: 2F 1-2: Ball 2-2: Ball 3-2: Foul Ball, location: 2F 3-2: Ground out 4-3 (Groundball, 4) António Camacho to second
|
Batting: RHB David Hernández
|
0-0: Ball 1-0: Ball 2-0: Called Strike 2-1: Ground out 5-3 (Groundball, 56)
|
Bottom of the 3rd over - 0 run(s), 1 hit(s), 0 error(s), 1 left on base; Seattle 5 - Jasper 0 |
TOP OF THE 4TH |
Seattle Rainiers batting - Pitching for Jasper Cougars : RHP Paul Turberville
|
Batting: RHB Bill Dawson
|
0-0: Ball 1-0: Ball 2-0: Ball 3-0: Foul Ball, location: 2F 3-1: Foul Ball, location: 2F 3-2: SINGLE (Groundball, 56D)
|
Batting: RHB Jorge Colón
|
0-0: Called Strike 0-1: Ball 1-1: SINGLE (Groundball, 6MD) Bill Dawson to second
|
Batting: RHB Alfredo Farías
|
0-0: Ball 1-0: Ball 2-0: Ball 3-0: Base on Balls Bill Dawson to third Jorge Colón to second
|
Batting: RHB Jacob Hill
|
0-0: Called Strike 0-1: Ball 1-1: Swinging Strike 1-2: SINGLE (Line Drive, 78S) Bill Dawson scores Jorge Colón to third Alfredo Farías to second
|
Batting: RHB Robert Marks
|
0-0: Ball 1-0: Foul Ball, location: 2F 1-1: Fly out, F8 (Flyball, 8LD) Runner from 3rd tags up, SCORES, no throw Alfredo Farías to third
|
Batting: RHB Vincent Braun
|
0-0: 3-RUN HOME RUN (Flyball, 7D), Distance : 340 ft
|
Batting: RHB Tony Hernández
|
0-0: Ball 1-0: Ball 2-0: Called Strike 2-1: Ball 3-1: Foul Ball, location: 2F 3-2: Strikes out swinging
|
Batting: RHB Jeremiah Soto
|
0-0: Ball 1-0: Foul Ball, location: 2F 1-1: Called Strike 1-2: SOLO HOME RUN (Flyball, 7D), Distance : 365 ft
|
Batting: RHB John Hill
|
0-0: Ball 1-0: Ball 2-0: Foul Ball, location: 2F 2-1: SINGLE (Groundball, 4M)
|
Batting: RHB Bill Dawson
|
0-0: Fly out, F9 (Flyball, 89S)
|
Top of the 4th over - 6 run(s), 6 hit(s), 0 error(s), 1 left on base; Seattle 11 - Jasper 0 |
BOTTOM OF THE 4TH |
Jasper Cougars batting - Pitching for Seattle Rainiers : RHP Domingo García
|
Batting: SHB Rafael Acosta
|
0-0: Called Strike 0-1: TRIPLE (Flyball, 78M)
|
Batting: SHB Carlos Córdova
|
0-0: Ball 1-0: Ball 2-0: Called Strike 2-1: Ball 3-1: Base on Balls
|
Batting: LHB Jon Scott
|
0-0: Fielders Choice at 2nd, 4-6 (Groundball, 4) Rafael Acosta scores
|
Batting: LHB John Stone
|
0-0: Swinging Strike 0-1: Swinging Strike 0-2: SINGLE (Line Drive, 7S) Jon Scott to second
|
Batting: RHB Neil Weeks
|
0-0: Swinging Strike 0-1: Foul Ball, location: 2F 0-2: Strikes out swinging
|
Batting: LHB António Camacho
|
0-0: Ball 1-0: Called Strike 1-1: Fly out, F4 (Popup, 3DF)
|
Bottom of the 4th over - 1 run(s), 2 hit(s), 0 error(s), 2 left on base; Seattle 11 - Jasper 1 |
TOP OF THE 5TH |
Seattle Rainiers batting - Pitching for Jasper Cougars : RHP Paul Turberville
|
Batting: RHB Jorge Colón
|
0-0: Swinging Strike 0-1: Ball 1-1: Ground out 5-3 (Groundball, 56)
|
Batting: RHB Alfredo Farías
|
0-0: Ball 1-0: SINGLE (Line Drive, 7LS)
|
Pitching: RHP A.J. Wellman
|
|
Batting: RHB Jacob Hill
|
0-0: Called Strike 0-1: Called Strike 0-2: Ball 1-2: SINGLE (Groundball, 6MD) Alfredo Farías to second
|
Batting: RHB Robert Marks
|
0-0: Swinging Strike 0-1: Swinging Strike 0-2: Ball 1-2: Foul Ball, location: 2F 1-2: Ball 2-2: Strikes out looking
|
Batting: RHB Vincent Braun
|
0-0: Ball 1-0: Ball 2-0: Swinging Strike 2-1: Ball 3-1: Called Strike 3-2: Foul Ball, location: 2F 3-2: Strikes out looking
|
Top of the 5th over - 0 run(s), 2 hit(s), 0 error(s), 2 left on base; Seattle 11 - Jasper 1 |
BOTTOM OF THE 5TH |
Jasper Cougars batting - Pitching for Seattle Rainiers : RHP Domingo García
|
Batting: RHB Bob Cole
|
0-0: Ball 1-0: Ball 2-0: SOLO HOME RUN (Flyball, 7D), Distance : 357 ft
|
Batting: SHB Ron Edwards
|
0-0: SOLO HOME RUN (Flyball, 9D), Distance : 343 ft
|
Batting: RHB David Hernández
|
0-0: Called Strike 0-1: Ball 1-1: Swinging Strike 1-2: Strikes out swinging
|
Batting: SHB Rafael Acosta
|
0-0: Ground out 2-3 (Groundball, 2L)
|
Batting: SHB Carlos Córdova
|
0-0: Ball 1-0: Foul Ball, location: 2F 1-1: Called Strike 1-2: SINGLE (Line Drive, 6MD)
|
Batting: LHB Jon Scott
|
0-0: Ball 1-0: Foul Ball, location: 2F 1-1: Called Strike 1-2: SINGLE (Groundball, 4MD) (infield hit) Carlos Córdova to second
|
Pitching: LHP Tommy Corrigan
|
|
Batting: LHB John Stone
|
0-0: Foul Ball, location: 2F 0-1: Ball 1-1: Ball 2-1: Ball Balk! Carlos Córdova to third Jon Scott to second 3-1: Foul Ball, location: 2F 3-2: Foul Ball, location: 2F 3-2: SINGLE (Line Drive, 9S) Carlos Córdova scores Jon Scott to third Jon Scott scores
|
Batting: RHB Neil Weeks
|
0-0: Called Strike 0-1: Ball John Stone is caught stealing 2nd base
|
Bottom of the 5th over - 4 run(s), 5 hit(s), 0 error(s), 0 left on base; Seattle 11 - Jasper 5 |
TOP OF THE 6TH |
Seattle Rainiers batting - Pitching for Jasper Cougars : RHP A.J. Wellman
|
Batting: RHB Tony Hernández
|
0-0: Called Strike 0-1: Called Strike 0-2: Foul Ball, location: 2F 0-2: Ball 1-2: DOUBLE (Line Drive, 9LS)
|
Batting: RHB Jeremiah Soto
|
0-0: Called Strike 0-1: Called Strike 0-2: Strikes out looking
|
Batting: RHB John Hill
|
0-0: Ball Tony Hernández is caught stealing 3rd base 1-0: Ball 2-0: Ball 3-0: Called Strike 3-1: Base on Balls
|
Batting: RHB Bill Dawson
|
0-0: Called Strike 0-1: Ball Wild Pitch! John Hill to second 1-1: Foul Ball, location: 2F 1-2: Ball 2-2: Foul Ball, location: 2F 2-2: Ball 3-2: Strikes out looking
|
Top of the 6th over - 0 run(s), 1 hit(s), 0 error(s), 1 left on base; Seattle 11 - Jasper 5 |
BOTTOM OF THE 6TH |
Jasper Cougars batting - Pitching for Seattle Rainiers : LHP Tommy Corrigan
|
Batting: RHB Neil Weeks
|
0-0: Ball 1-0: Fly out, F8 (Flyball, 8RM)
|
Batting: LHB António Camacho
|
0-0: Ground out 6-3 (Groundball, 6M)
|
Batting: RHB Bob Cole
|
0-0: Ball 1-0: Fly out, F8 (Flyball, 8RM)
|
Bottom of the 6th over - 0 run(s), 0 hit(s), 0 error(s), 0 left on base; Seattle 11 - Jasper 5 |
TOP OF THE 7TH |
Seattle Rainiers batting - Pitching for Jasper Cougars : RHP A.J. Wellman
|
Pitching: LHP Alberto Guerra
|
|
Batting: RHB Jorge Colón
|
0-0: Ball 1-0: Ball 2-0: Called Strike 2-1: Ball 3-1: Called Strike 3-2: Base on Balls
|
Batting: RHB Alfredo Farías
|
0-0: Called Strike 0-1: Bunt missed! 0-2: Ball 1-2: Ball 2-2: Foul Ball, location: 2F 2-2: Ball 3-2: Base on Balls Jorge Colón to second
|
Batting: RHB Jacob Hill
|
0-0: Ball 1-0: Called Strike 1-1: Ball 2-1: Called Strike 2-2: Ball 3-2: Base on Balls Jorge Colón to third Alfredo Farías to second
|
Pitching: RHP José Orozco
|
|
Batting: RHB Robert Marks
|
0-0: Called Strike 0-1: Ball 1-1: Swinging Strike 1-2: GRAND SLAM HOME RUN (Flyball, 7D), Distance : 352 ft
|
Batting: RHB Vincent Braun
|
0-0: Foul Ball, location: 2F 0-1: Ball 1-1: Ball 2-1: Ball 3-1: SINGLE (Groundball, 56)
|
Batting: RHB Tony Hernández
|
0-0: Called Strike 0-1: Sac Bunt - play at first, batter OUT! 1-3 Vincent Braun to second
|
Batting: RHB Jeremiah Soto
|
0-0: Ball 1-0: Ground out 6-3 (Groundball, 6)
|
Batting: RHB John Hill
|
0-0: Called Strike 0-1: Ball 1-1: Ground out 5-3 (Groundball, 5)
|
Top of the 7th over - 4 run(s), 2 hit(s), 0 error(s), 1 left on base; Seattle 15 - Jasper 5 |
BOTTOM OF THE 7TH |
Jasper Cougars batting - Pitching for Seattle Rainiers : LHP Tommy Corrigan
|
Batting: SHB Ron Edwards
|
0-0: Ball 1-0: Called Strike 1-1: Foul Ball, location: 2F 1-2: Ball 2-2: Fly out, F9 (Flyball, 9D)
|
Batting: RHB David Hernández
|
0-0: Ball 1-0: Called Strike 1-1: SINGLE (Line Drive, 56D)
|
Batting: SHB Rafael Acosta
|
0-0: Ball 1-0: Called Strike 1-1: Grounds into double play, 4-6-3 (Groundball, 4)
|
Bottom of the 7th over - 0 run(s), 1 hit(s), 0 error(s), 0 left on base; Seattle 15 - Jasper 5 |
TOP OF THE 8TH |
Seattle Rainiers batting - Pitching for Jasper Cougars : RHP José Orozco
|
Pitching: RHP Chris Schultz
|
|
Batting: RHB Bill Dawson
|
0-0: Ball 1-0: Fly out, F8 (Flyball, 8LM)
|
Batting: RHB Jorge Colón
|
0-0: Called Strike 0-1: Swinging Strike 0-2: Ground out 5-3 (Groundball, 5L)
|
Batting: RHB Alfredo Farías
|
0-0: Ball 1-0: Called Strike 1-1: Ball 2-1: Foul Ball, location: 2F 2-2: Strikes out swinging
|
Top of the 8th over - 0 run(s), 0 hit(s), 0 error(s), 0 left on base; Seattle 15 - Jasper 5 |
BOTTOM OF THE 8TH |
Jasper Cougars batting - Pitching for Seattle Rainiers : LHP Tommy Corrigan
|
Pitching: RHP Jimmy Banks
|
|
Batting: SHB Carlos Córdova
|
0-0: Ball 1-0: Called Strike 1-1: Swinging Strike 1-2: Ball 2-2: Foul Ball, location: 2F 2-2: Foul Ball, location: 2F 2-2: Ball 3-2: Hit by Pitch
|
Batting: LHB Jon Scott
|
0-0: Called Strike 0-1: Called Strike 0-2: Ball 1-2: Foul Ball, location: 2F 1-2: Strikes out swinging
|
Batting: LHB John Stone
|
|
Pinch Hitting: RHB George Reeves
|
0-0: Called Strike 0-1: Ball 1-1: Ball 2-1: Called Strike 2-2: Ball 3-2: Foul Ball, location: 2F 3-2: DOUBLE (Flyball, 7D) Carlos Córdova to third
|
Batting: RHB Neil Weeks
|
0-0: Ball 1-0: Called Strike 1-1: Called Strike 1-2: Strikes out swinging
|
Batting: LHB António Camacho
|
0-0: Called Strike 0-1: Ball 1-1: Ball 2-1: Ball 3-1: Base on Balls
|
Batting: RHB Bob Cole
|
0-0: Foul Ball, location: 2F 0-1: Swinging Strike 0-2: Strikes out swinging
|
Bottom of the 8th over - 0 run(s), 1 hit(s), 0 error(s), 3 left on base; Seattle 15 - Jasper 5 |
TOP OF THE 9TH |
Seattle Rainiers batting - Pitching for Jasper Cougars : RHP Chris Schultz
|
Pitching: LHP Alfredo Maestas
|
|
Now in CF: Joe Smith
|
|
Batting: RHB Jacob Hill
|
0-0: Fly out, F8 (Flyball, 8LD)
|
Pinch Hitting: RHB Juan Robles
|
0-0: Ball 1-0: Ball 2-0: Fly out, F7 (Flyball, 7D)
|
Batting: RHB Vincent Braun
|
0-0: Called Strike 0-1: Swinging Strike 0-2: Ball 1-2: Ball 2-2: Strikes out swinging
|
Top of the 9th over - 0 run(s), 0 hit(s), 0 error(s), 0 left on base; Seattle 15 - Jasper 5 |
BOTTOM OF THE 9TH |
Jasper Cougars batting - Pitching for Seattle Rainiers : RHP Jimmy Banks
|
Now at C: Juan Robles
|
|
Batting: SHB Ron Edwards
|
0-0: Ball 1-0: Ground out 6-3 (Groundball, 6M)
|
Batting: RHB David Hernández
|
0-0: Ball 1-0: SINGLE (Groundball, 56D)
|
Batting: SHB Rafael Acosta
|
0-0: Called Strike 0-1: Foul Ball, location: 2F 0-2: Ball 1-2: Ball 2-2: Strikes out swinging
|
Batting: SHB Carlos Córdova
|
0-0: Swinging Strike 0-1: Foul Ball, location: 2F 0-2: Strikes out swinging
|
Bottom of the 9th over - 0 run(s), 1 hit(s), 0 error(s), 1 left on base; Seattle 15 - Jasper 5 |
|